Match 45112578
Unlisted

Match 45112578
End
Engineer Squad
Construct Barracks
Riflemen Squad
Riflemen Squad
Grenade Package
Riflemen Squad
Construct Medical Station
Riflemen Squad
Infantry Support Center
Construct Motor Pool
M24 Chaffee Light Tank
M1918 Browning Automatic Rifles
M1 Anti-tank Gun Team
Advanced Logistics
Seocheon
SirAMovesALot
0
0

Comments sign in to comment!

No comments posted yet!